 Dungeon Crawl Stone Soup version 0.27.0-1-g7a089689b8 (webtiles) character file.

Game seed: 566711692463787774

179 Strat the Skirmisher (level 5, -2/46 HPs)
             Began as a Palentonga Brigand on Aug 11, 2021.
             Was a Believer of Fedhas.
             Slain by a black bear (10 damage)
             ... on level 4 of the Dungeon.
             The game lasted 00:07:32 (3456 turns).

Strat the Skirmisher (Palentonga Brigand)           Turns: 3456, Time: 00:07:33

Health: -2/46      AC:  8    Str: 15    XL:     5   Next: 33%
Magic:  5/5        EV:  7    Int: 11    God:    Fedhas [**....]
Gold:   155        SH:  0    Dex: 12    Spells: 4/4 levels left

rFire    . . .     SeeInvis +   a - +0 mace
rCold    . . .     Faith    .   (no shield)
rNeg     . . .     Spirit   .   v - +0 scale mail
rPois    .         Reflect  .   r - +0 helmet
rElec    .         Harm     .   c - +0 cloak
rCorr    .         Rampage  .   (no gloves)
Will     .....                  (no barding)
Stlth    +.........             (no amulet)
HPRegen  0.15/turn              (no ring)
MPRegen  0.09/turn              (no ring)

@: weak-willed, studying Fighting
A: large, rugged brown scales 3, see invisible, deformed body, roll 1, armoured
tail
a: Rolling Charge, Renounce Religion, Wall of Briars


You were on level 4 of the Dungeon.
You worshipped Fedhas.
Fedhas was pleased with you.
You visited 1 branch of the dungeon, and saw 4 of its levels.

You collected 155 gold pieces.

Inventory:

Hand Weapons
 a - a +0 mace (weapon)
 g - a +2 dagger
Missiles
 d - 7 poisoned darts (quivered)
 e - 2 curare-tipped darts
 f - 108 stones
Armour
 b - a +0 robe
 c - a +0 cloak (worn)
 o - a +0 ring mail
 p - a +0 chain mail
 r - a +0 helmet (worn)
 v - a +0 scale mail (worn)
Jewellery
 m - a ring of flight
Scrolls
 i - a scroll of blinking {unknown}
 j - a scroll of enchant weapon {unknown}
 l - a scroll of fear {unknown}
 n - a scroll of fog {unknown}
 u - a scroll of torment {unknown}
 w - a scroll of acquirement {unknown}
 x - 2 scrolls of identify {unknown}
 y - a scroll of noise {unknown}
Potions
 k - 2 potions of flight {unknown}
 q - 3 potions of degeneration {unknown}
 s - a potion of haste {unknown}
 t - a potion of brilliance {unknown}


   Skills:
 + Level 4.6 Fighting
 - Level 2.0 Short Blades
 * Level 4.0 Maces & Flails
 - Level 1.3 Throwing
 - Level 0.7 Dodging
 - Level 2.6 Stealth


You had 4 spell levels left.
You didn't know any spells.
Your spell library contained the following spells:

 Spells                   Type           Power      Damage    Failure   Level
 Ensorcelled Hibernation  Hex/Ice        0%         N/A       92%         2
 Spider Form              Tmut/Pois      0%         N/A       99%         3
 Shadow Creatures         Summ           N/A        N/A       100%        6


Dungeon Overview and Level Annotations

Branches:
Dungeon (4/15)
 Temple: D:4-7

Altars:
Fedhas


Innate Abilities, Weirdness & Mutations

You are completely covered in rugged brown scales. (AC +3, +7% HP)
You have supernaturally acute eyesight. (SInv)
Armour fits poorly on your strangely shaped body.
You can roll at nearby foes to attack.
You have a long armoured tail.


Message History

The black bear bites you but does no damage.
The black bear closely misses you.
The black bear claws you but does no damage.
Your Maces & Flails skill increases to level 4!
You barely miss the black bear.
The black bear is severely wounded.
The black bear bites you but does no damage.
The black bear claws you but does no damage.
The black bear barely misses you.
You hit the black bear.
The black bear is almost dead.
The black bear goes berserk!
You barely miss the black bear.
Your tail-slap misses the black bear.
The black bear is almost dead.
The black bear completely misses you.
The black bear claws you but does no damage.
The black bear barely misses you. The black bear bites you!
* * * LOW HITPOINT WARNING * * *
The black bear claws you.
* * * LOW HITPOINT WARNING * * *
The black bear claws you.
* * * LOW HITPOINT WARNING * * *
You hit the black bear.
The black bear is almost dead.
The black bear bites you but does no damage.
The black bear claws you.
* * * LOW HITPOINT WARNING * * *
The black bear barely misses you. The black bear bites you!
* * * LOW HITPOINT WARNING * * *
The black bear claws you but does no damage.
The black bear barely misses you.
The black bear bites you but does no damage.
The black bear claws you.
* * * LOW HITPOINT WARNING * * *
The black bear barely misses you.
As you read the scroll labelled LINUAC YMONLULIBI, it crumbles to dust.
Magic quickly surges around you.
It was a scroll of vulnerability.
The black bear bites you!
You die...
Fedhas appreciates your contribution to the ecosystem.

.........##.......#....#....#
.........##.......##........#
....#....##..........#.####.#
...$#..(.##........#....# #.#
....#....##[.........#### ###
...[#....#######'##.....#
#####....# #.##.#...#
...##....#######........#
....+....(.(..Bh@..)<..>#
#...#....##.)#######.#.##
###.#######....# #.#.#
###.######...#.#####.#.###
.............#...........#
######.###...#..###......# #
#.#...............#.#
######.#.##.##.#.......#.#
#..............###...#)###


You could see a black bear (berserk, weak-willed) and a giant cockroach
(weak-willed).

Vanquished Creatures
  Jessica (D:2)
  An iguana (D:3)
  3 gnolls (D:4)
  3 adders
  A worm (D:2)
  2 dart slugs
  9 ball pythons
  7 endoplasms
  A giant cockroach (D:3)
  5 goblins
  2 hobgoblins
  2 jackals (D:1)
  6 quokkas
  8 bats
  5 frilled lizards
  6 kobolds
  4 rats
66 creatures vanquished.

Vanquished Creatures (others)
  A fungus (D:1)
1 creature vanquished.

Grand Total: 67 creatures vanquished

Notes
Turn   | Place    | Note
-------+----------+-------------------------------------------
     0 | D:1      | Strat the Palentonga Brigand began the quest for the Orb.
     0 | D:1      | Reached XP level 1. HP: 17/17 MP: 1/1
   249 | D:1      | Reached XP level 2. HP: 24/24 MP: 2/2
   254 | D:1      | Reached skill level 1 in Maces & Flails
   823 | D:1      | Reached XP level 3. HP: 20/29 MP: 3/3
  1344 | D:1      | Found a faded altar of an unknown god.
  1350 | D:1      | Became a worshipper of Fedhas Madash
  1350 | D:1      | Reached * piety under Fedhas
  1553 | D:2      | Noticed Jessica
  1567 | D:2      | Killed Jessica
  1568 | D:2      | Reached XP level 4. HP: 16/39 MP: 4/4
  2893 | D:3      | Reached XP level 5. HP: 44/44 MP: 5/5
  3052 | D:4      | Reached ** piety under Fedhas
  3415 | D:4      | Noticed a black bear
  3456 | D:4      | Slain by a black bear

Illustrated notes

Levels and vault maps discovered:
D:1:      lemuel_arrival_cross, layout_basic,
          shapermc_ecumenical_altar_hornbeckon, nrook_uturn, moated_statue
D:2:      layout_loops_ring, uniq_jessica
D:3:      layout_rooms
D:4:      layout_basic, chequers_ossuary_entry_cave, supply_closet_lemuel,
          chequers_serial_rivers_room_a, uniq_sigmund

Skill      XL: |  1  2  3  4  5 |
---------------+----------------+-----
Maces & Flails | 1 2 3 4 |  4.0
Fighting       | 3 4 |  4.6
Short Blades   | |  2.0
Throwing       | |  1.3
Dodging        | |  0.7
Stealth        | |  2.6

Action                   |  1- 3 |  4- 6 || total
-------------------------+-------+-------++-------
Melee: Dagger            |   101 |       ||   101
       Tailslap          |     6 |    10 ||    16
       Mace              |     8 |    93 ||   101
Throw: Dart              |     5 |    19 ||    24
 Abil: Rolling Charge    |    17 |    10 ||    27
  Use: Scroll            |       |     1 ||     1
Armor: Robe              |    20 |       ||    20
       Ring mail         |    24 |    18 ||    42
       Scale mail        |       |    91 ||    91
Dodge: Dodged            |    30 |    67 ||    97
